[Event "4NCL 2022-2023"]
[Site "Daventry"]
[Date "2023.02.12"]
[Round "6.48"]
[White "Haydon, David L"]
[Black "Sivanandan, Bodhana"]
[Result "1-0"]
[ECO "E14"]
[WhiteElo "2268"]
[BlackElo "1725"]
[Annotator "TA"]
[PlyCount "147"]
[EventDate "2022.10.20"]
[EventType "team-tourn"]
[EventCountry "ENG"]
[SourceTitle "playchess.com"]
[Source "ChessBase"]
[SourceQuality "1"]
[TimeControl "40/6000+30:2400+30"]

1. Nf3 Nf6 2. e3 e6 3. b3 Be7 4. Bb2 O-O 5. Be2 b6 6. O-O Bb7 7. c4 d5 8. Nc3 c5 9. d4 Nbd7 {[%emt 0:02:51][%cal Bb8d7,Bd7c5,Bc5e4][%mdl 32] 9...cxd4 is the fancy move.} 10. Rc1 Rc8 {[%emt 0:02:20] E14: Queen's Indian: Classical Variation (4 e3).} 11. dxc5 Nxc5 {[%emt 0:00:55] [#]} 12. Qc2 $146 ({Predecessor:} 12. h3 Nfe4 13. cxd5 Nxc3 14. Bxc3 Bxd5 15. Rc2 Bf6 16. Bd4 Ne4 17. Ba6 Rxc2 18. Qxc2 Bxd4 19. Nxd4 {1-0 Crul,O (1834)-Basso,M Curitiba Sul Region-ch 2017 (3)}) 12... dxc4 {[%emt 0:02:14] The position is equal.} 13. bxc4 Nce4 14. Rfd1 Qe8 15. Nd4 Nxc3 16. Qxc3 Qa4 17. Qb3 Bc6 18. Nxc6 Qxc6 19. Bf3 {[%emt 0:05:06] This pair of bishops is nice.} (19. Qb5 {simplifies} Qxb5 20. cxb5 Rxc1 21. Rxc1 Rd8 22. g3) 19... Qc7 20. Qb5 Rfd8 21. Rd4 Rxd4 22. Bxd4 Nd7 23. g3 Bf6 {[%emt 0:01:52] Black is weak on the light squares} 24. Rd1 Bxd4 25. exd4 g6 26. Kg2 Nf6 27. Rc1 Qd7 {[%emt 0:03:38] ...Qxb5 would be deadly.} (27... Qd8 $5 ) 28. Qb2 Kg7 29. c5 (29. h4 {simplifies} h5 30. c5 Nd5 31. a3) 29... Nd5 30. cxb6 {[%emt 0:01:08] Black must now prevent Rxc8.} Rxc1 (30... Rb8 {simplifies} 31. Qe2 Rxb6 32. Rc5 Rd6) 31. b7 {[%emt 0:01:17] Repels Rc8} Rc8 32. bxc8=Q Qxc8 $11 {[%emt 0:00:17][%mdl 4096] Endgame KQB-KQN} 33. Qe2 Qc7 34. Bxd5 exd5 {[%emt 0:00:15] KQ-KQ} 35. h4 Qd7 36. Qe5+ f6 37. Qb8 Qe7 38. Kf1 h6 39. a4 Qd7 40. a5 a6 (40... h5 $14) 41. Qb6 $16 {[%emt 0:30:13] White is more active. White leaves nothing to chance now.} Qc8 42. Kg2 Kf7 (42... h5 $16 {was called for.}) 43. Qa7+ $1 $18 Kg8 {[%emt 0:02:13] [#]} 44. Qe7 {[%emt 0:00:29] Dodges Qe6} Qc6 {[%emt 0:02:08] [#]} 45. Qd8+ $1 Kf7 (45... Kg7 $16) 46. Qh8 Qc2 47. Qh7+ (47. Qxh6 Qe4+ 48. Kf1 Qb1+ 49. Ke2 Qb5+ 50. Ke3 Qb3+ 51. Ke2 Qb5+ 52. Kf3 Qxa5 $11) 47... Ke6 (47... Kf8 $142 48. Qxh6+ Kf7) 48. Qg8+ ({Not} 48. Qxh6 Qe4+ 49. Kf1 Qb1+ 50. Ke2 Qb5+ 51. Kf3 Qxa5 $16) 48... Kd6 49. Qd8+ Ke6 50. Qb6+ Kf5 $2 (50... Kd7 51. Qb7+ (51. Qxf6 Qe4+ 52. Kh2 Qc2 $16) 51... Ke8 52. Qxd5 Ke7 53. Qb7+ Kd8 54. Qxa6 Qe4+ 55. Kf1 Qxd4) 51. Qxa6 Qe4+ 52. Kh2 {[%emt 0:02:39] Qc8+ would kill now.} Qxd4 53. Qb6 Qa4 54. a6 d4 55. a7 {[%emt 0:01:39] White mates.} d3 56. Qc5+ Ke4 57. Qe3+ Kf5 58. Qf3+ ({Inferior is} 58. Qxh6 Qxa7 59. Qf4+ Ke6 $11) 58... Ke5 59. a8=Q Qxa8 60. Qxa8 Kd4 61. Qa1+ Kc4 62. Qxf6 d2 63. Qf3 Kd4 64. Qe3+ Kc4 65. Qxd2 h5 66. Qg5 Kb3 67. Qxg6 Ka2 68. Qb6 Ka3 69. Kg2 Ka2 70. Kf1 Ka3 71. Ke2 Ka4 72. Kd3 Ka3 73. Kc3 Ka2 74. Qb2# {[%emt 0:00:12] Weighted Error Value: White=0.04 (flawless) /Black=0.35} 1-0

[Event "4NCL 2022-2023"]
[Site "Daventry"]
[Date "2023.03.18"]
[Round "7.1"]
[White "Speelman, Jon S"]
[Black "Roberson, Peter T"]
[Result "0-1"]
[ECO "A07"]
[WhiteElo "2500"]
[BlackElo "2426"]
[Annotator "TA"]
[PlyCount "52"]
[EventDate "2022.10.20"]
[EventType "team-tourn"]
[EventCountry "ENG"]
[SourceTitle "playchess.com"]
[Source "ChessBase"]
[SourceQuality "1"]
[TimeControl "40/6000+30:2400+30"]

1. Nf3 d5 2. g3 g6 3. Bg2 Bg7 4. O-O e5 5. d3 Nc6 6. Nbd2 Nge7 7. e4 O-O 8. c3 a5 9. a4 h6 10. exd5 Nxd5 11. Re1 Re8 12. Nc4 Bf5 13. h3 {[%emt 0:06:22] A07: Réti Opening: New York and Capablanca Systems.} Nb6 14. Nxb6 cxb6 15. Bf1 {[%emt 0:03:15] The position is equal.} Qd7 {[%emt 0:09:39] [#]} 16. Be3 $146 ({Predecessor:} 16. Kh2 Be6 17. Be3 Qc7 18. d4 Rad8 19. Qc1 exd4 20. Bxh6 d3 21. Bf4 Qc8 22. Qd2 {0-1 Gaboyan,S (2225)-Mikhalevski,V (2517) Braila GP RO Stage 5 rapid 2022 (4)}) 16... Bxh3 17. Bxh3 Qxh3 18. Bxb6 Re6 19. Qb3 Ne7 (19... Rae8 $11) 20. Bc5 (20. Bc7 $14) 20... Nf5 (20... Nc6 $11) 21. Qxb7 $16 Rae8 {[%emt 0:01:57][%cal Oe5e4] [#] ...e4! would be deadly.} 22. Nh2 (22. Nd2 $16) 22... e4 $1 $40 {[%emt 0:02:38][%mdl 128] Black has some attack.} 23. Rxe4 (23. dxe4 Nxg3 24. fxg3 Qxg3+ 25. Kh1 Rb8 $19) (23. Nf1 $1 $11 {and White stays safe.} exd3 24. Rxe6 Rxe6 25. Rd1) 23... Rxe4 $19 24. dxe4 Nxg3 {[%emt 0:00:29][%mdl 64] [#] Demolition} 25. fxg3 (25. Qb5 Re5 26. fxg3 Qxg3+ 27. Kh1) 25... Qxg3+ 26. Kh1 {[%emt 0:00:06] Threatens to win with Rf1.} Rb8 $2 {[%emt 0:01:07] Weighted Error Value: White=0.61/Black=0.24 (precise)} (26... Be5 $19 {[%csl Ge5][%cal Rg3h2] has better winning chances.} 27. Bg1 Rb8) 0-1

[Event "4NCL 2022-2023"]
[Site "Daventry"]
[Date "2023.03.18"]
[Round "7.2"]
[White "Grieve, Harry"]
[Black "McDonald, Neil"]
[Result "1/2-1/2"]
[ECO "B01"]
[WhiteElo "2442"]
[BlackElo "2408"]
[Annotator "TA"]
[PlyCount "63"]
[EventDate "2022.10.20"]
[EventType "team-tourn"]
[EventCountry "ENG"]
[SourceTitle "playchess.com"]
[Source "ChessBase"]
[SourceQuality "1"]
[TimeControl "40/6000+30:2400+30"]

1. e4 d5 2. exd5 Qxd5 3. Nc3 Qd8 4. d4 Nf6 5. Nf3 g6 6. h3 {[%emt 0:03:04] B01: Scandinavian Defence.} Bg7 7. Bc4 O-O 8. O-O {[%emt 0:00:19] White is slightly better.} a6 9. a4 b6 10. Bf4 Bb7 {[%emt 0:01:46] [#]} 11. d5 $146 ({Predecessor:} 11. Ne5 e6 12. Qd2 Nc6 13. Rad1 Ne7 14. Be2 Ned5 15. Bh6 Nxc3 16. bxc3 Ne4 17. Qe3 Bxh6 18. Qxh6 Nxc3 {½-½ Fataliyeva,U (2301)-Stroganova,K (1787) Djerba Online (Women) blitz 2020 (3)}) 11... Ne8 (11... c6 $11) 12. Ne5 Nd6 13. Bb3 Nd7 14. Re1 Re8 15. Qg4 Nxe5 16. Bxe5 Qc8 17. Qd4 Nf5 18. Qf4 Bh6 19. Qf3 {[%emt 0:06:38] White has more active pieces. The black rooks are badly placed.} Qd7 20. a5 Bg7 21. axb6 (21. Bxg7 $16 {And now Be5 would win.} Kxg7 22. Ne4) 21... cxb6 $14 22. Bxg7 Kxg7 23. Ne4 Rac8 (23... Bxd5 $2 24. Rad1 Bxe4 25. Qc3+ $18 (25. Rxe4 Qc7 $11) (25. Rxe4 Qc7 $11)) 24. c4 f6 25. Red1 {[%emt 0:04:29] Against Nd4} (25. Qc3 $16) 25... Nd6 26. Rac1 Nxe4 27. Qxe4 Qd6 28. Ba4 ({White should play} 28. Qe3 $14) 28... b5 $1 $11 {[%emt 0:06:20] The position is equal.} 29. cxb5 Rxc1 30. Rxc1 {[%emt 0:00:01] [#] bxa6 would be deadly.} Bxd5 (30... Qxd5 $2 31. Qxd5 Bxd5 32. bxa6 $18) 31. Qd4 {[%emt 0:05:41] bxa6 is the strong threat.} axb5 32. Bxb5 {[%emt 0:00:28] Weighted Error Value: White=0.15 (very precise) /Black=0.12 (very precise)} 1/2-1/2

[Event "4NCL 2022-2023"]
[Site "Daventry"]
[Date "2023.03.18"]
[Round "7.3"]
[White "Greet, Andrew N"]
[Black "Ghasi, Ameet K"]
[Result "0-1"]
[ECO "B12"]
[WhiteElo "2408"]
[BlackElo "2471"]
[Annotator "TA"]
[PlyCount "92"]
[EventDate "2022.10.20"]
[EventType "team-tourn"]
[EventCountry "ENG"]
[SourceTitle "playchess.com"]
[Source "ChessBase"]
[SourceQuality "1"]
[TimeControl "40/6000+30:2400+30"]

1. e4 c6 2. d4 d5 3. e5 Bf5 4. h4 h5 5. Bd3 Bxd3 6. Qxd3 e6 7. Bg5 {[%emt 0:00:10] B12: Caro-Kann: Advance Variation.} Qb6 8. Nd2 c5 9. c4 {[%emt 0:00:29] The position is equal.} Qxb2 10. Rd1 Nc6 11. Ne2 Nb4 12. Qf3 Nc2+ $1 (12... Qxa2 13. O-O $14) 13. Kf1 Nxd4 (13... Qxa2 14. dxc5 Rc8 15. Qc3 $14) 14. Nxd4 Qxd4 (14... cxd4 {simplifies} 15. cxd5 Qb5+ 16. Kg1 Qxd5 17. Qxd5 exd5 18. Nb3 Rc8) 15. Qb3 Be7 16. cxd5 (16. Qxb7 Rd8 17. cxd5 Qxd5 18. Qxd5 exd5 $17) 16... exd5 (16... Bxg5 17. Nc4 Qf4 18. Nd6+ Kf8 19. Qxb7 $18) 17. Qxb7 Rd8 {[%emt 0:00:22] [#]} 18. Rh3 $146 ({Predecessor:} 18. Re1 Qb4 19. Qxa7 Rh6 20. Rb1 Qd4 21. Kg1 Re6 22. Nf3 Qc4 23. Rb8 Bxg5 24. Nxg5 {½-½ Ragger,M (2647)-Bluebaum,M (2673) Olympiad-44 Chennai 2022 (3.1)}) 18... Rh6 19. Bxh6 (19. Qxa7 Rc6 $15) 19... Nxh6 20. Qb5+ (20. Qxa7 Ng4 21. Rf3 Nh2+ 22. Ke1 Nxf3+ 23. Nxf3 Qc4 $17) 20... Kf8 {[%emt 0:01:17] ...c4 would be deadly.} 21. Qe2 Ng4 $40 {[%emt 0:05:58][%mdl 128] Black attacks.} 22. Nf3 Qf4 23. e6 f6 24. Kg1 d4 {[%emt 0:17:47][%mdl 1024] Black has compensation.} 25. Qd3 {[%emt 0:10:03] Prevents Qf5.} f5 $1 26. Re1 (26. Qd2 $1 $11 Qd6 27. Ng5) 26... g6 $1 $17 {[%emt 0:00:27] White is on the road to losing.} 27. Rh1 Qc7 {[%emt 0:09:30] Some like it hot. Black is more active.} 28. Nd2 (28. Qc4 $17 {keeps fighting.}) 28... Qa5 $1 $19 {[%emt 0:01:03] And now ...c4 would win.} ({Not} 28... Qf4 29. Nf3 $17) 29. Re2 (29. Rd1 $142) 29... Qxa2 30. g3 {[%emt 0:00:26] [#]} Qd5 31. Nc4 {[%emt 0:01:15] [#]} Rb8 $1 {[%emt 0:01:36] aiming for ...Rb4.} 32. f3 Rb4 $1 33. fxg4 {[%emt 0:04:17] Ne5 is the strong threat.} Rxc4 ({Inferior is} 33... Qxc4 34. Qxc4 Rxc4 35. Kf2 $17) 34. Kh2 {[%emt 0:01:05] Strongly threatening gxf5.} hxg4 {[%emt 0:04:47] Hoping for ...Rc3.} (34... fxg4 $2 35. Rf1+ Ke8 36. Qb3 $18) 35. Rf1 $2 (35. Ra1 {was worth a try.} Rc3 36. Qd2) 35... Rc3 36. Qa6 Qd6 37. Qc8+ (37. Qxd6 Bxd6 38. h5) 37... Kg7 38. Rg1 Re3 ({Weaker is} 38... Bxh4 39. Qd7+ Qxd7 40. exd7 $11) 39. Rxe3 dxe3 {[%emt 0:00:02][%mdl 4096] Endgame KQR-KQB} 40. Qd7 Kf6 41. Qxd6 $2 (41. Rg2) 41... Bxd6 {[%emt 0:00:00] KR-KB. Black is clearly winning.} 42. Re1 Kxe6 43. Rxe3+ Kd5 {[%emt 0:00:04] Threatens to win with ...c4.} 44. Kg2 c4 45. Kf1 a5 46. Ke2 a4 {[%emt 0:00:12] Excellently played by Ghasi!   Weighted Error Value: White=0.54/Black=0.23 (precise)} 0-1

[Event "4NCL 2022-2023"]
[Site "Daventry"]
[Date "2023.03.18"]
[Round "7.4"]
[White "Moreby, James"]
[Black "Harvey, Marcus R"]
[Result "1/2-1/2"]
[ECO "B12"]
[WhiteElo "2353"]
[BlackElo "2471"]
[Annotator "TA"]
[PlyCount "96"]
[EventDate "2022.10.20"]
[EventType "team-tourn"]
[EventCountry "ENG"]
[SourceTitle "playchess.com"]
[Source "ChessBase"]
[SourceQuality "1"]
[TimeControl "40/6000+30:2400+30"]

1. e4 c6 2. d4 d5 3. e5 Bf5 4. Nf3 e6 5. Be2 a6 6. O-O {[%emt 0:08:48] B12: Caro-Kann: Advance Variation.} c5 7. c3 Nc6 8. Nbd2 {[%emt 0:12:43] The position is equal.} cxd4 9. Nxd4 Nxd4 10. cxd4 Ne7 {[%emt 0:00:47] [#]} (10... Rc8 $5 ) 11. Nf3 $146 ({Predecessor:} 11. Nb3 Nc6 12. Bg4 Bg6 13. Be3 Nb4 14. Qd2 Rc8 15. Nc5 Bxc5 16. dxc5 Nc2 17. Rac1 {1-0 Hernandez Molina,D (2221)-Cardozo,C (2406) EM/MLP/01 corr 2003}) 11... h6 12. h3 Nc6 13. Bd3 Bxd3 14. Qxd3 Qb6 15. Bd2 Be7 16. b4 O-O (16... Nxb4 17. Qb3 $16) (16... Bxb4 $2 17. Rfb1 $18) 17. Rfb1 Rfc8 (17... Bxb4 $2 18. a3 $18) (17... Nxb4 $2 18. Bxb4 Bxb4 19. a3 $18) 18. a4 Qd8 (18... Nxb4 $2 19. Bxb4 Bxb4 20. a5 $18) (18... Bxb4 $2 19. a5 Nxa5 20. Bxb4 $18 (20. Rxb4 Qc7 $18)) 19. Rb3 Bf8 20. Rab1 Ne7 21. b5 axb5 22. a5 b6 23. axb6 ({Don't play} 23. Rxb5 bxa5 24. Bc1 Nc6 $17) 23... Qxb6 24. Qxb5 Qxb5 25. Rxb5 Rc4 26. R5b4 Rxb4 27. Rxb4 Nc6 28. Rb7 Ra1+ 29. Kh2 Rd1 {[%emt 0:01:41][%cal Oc6d4] [#] aiming for ...Nxd4!} 30. Rb2 g5 31. Rc2 Bb4 32. Rc1 Rxd2 (32... Rxc1 $11 {remains equal.} 33. Bxc1 Bc3) 33. Nxd2 $16 Nxd4 $11 {[%emt 0:00:44][%mdl 4096] Endgame [#] KRN-KBN} 34. Ne4 {[%emt 0:02:23][%mdl 64] Deflection} Kg7 ({Weaker is} 34... dxe4 35. Rc4 $16) 35. Nd6 Bd2 36. Rc7 Bf4+ 37. g3 {[%emt 0:00:18] White is more active.} Bxe5 38. Rxf7+ Kg6 39. Rd7 h5 40. Nf7 Bf6 41. Kg2 Nc6 42. Nd6 Nd4 43. Nb7 h4 44. Nc5 hxg3 45. Kxg3 (45. fxg3 $16 Bg7 46. Rb7) 45... Kh5 46. Rh7+ Kg6 47. Rd7 Kf5 48. Rf7 {[%emt 0:01:00] Threatens to win with Nd7.} Kg6 {[%emt 0:02:22] Weighted Error Value: White=0.08 (flawless) /Black=0.09 (flawless)} 1/2-1/2

[Event "4NCL 2022-2023"]
[Site "Daventry"]
[Date "2023.03.18"]
[Round "7.5"]
[White "Fitzsimons, David"]
[Black "Clarke, Brandon G I"]
[Result "1/2-1/2"]
[ECO "B22"]
[WhiteElo "2342"]
[BlackElo "2475"]
[Annotator "TA"]
[PlyCount "52"]
[EventDate "2022.10.20"]
[EventType "team-tourn"]
[EventCountry "ENG"]
[SourceTitle "playchess.com"]
[Source "ChessBase"]
[SourceQuality "1"]
[TimeControl "40/6000+30:2400+30"]

1. e4 c5 2. c3 Nf6 3. e5 Nd5 4. Nf3 d6 5. Bb5+ Bd7 6. Bc4 {[%emt 0:00:11] B22: Sicilian: 2 c3.} e6 7. d4 cxd4 8. Bxd5 ({Reject} 8. Qxd4 Nc6 9. Qe4 dxe5 10. Nxe5 Nf6 $15) 8... exd5 9. O-O Nc6 {[%emt 0:02:43] [#]} 10. Bf4 $146 ({Predecessor:} 10. exd6 Bxd6 11. Nxd4 O-O 12. Nb5 Be5 13. Be3 Qh4 14. f4 Bf6 15. Nd2 Bg4 16. Nf3 {0-1 Oberoi,S (2307)-Raja,H (2465) Los Angeles 1000GM IM 02 2023 (3)}) 10... dxe5 11. Nxe5 Qf6 (11... Be7 $5 ) 12. Nxc6 Qxc6 13. Qxd4 f6 14. Re1+ Kf7 15. Nd2 Bc5 16. Qd3 Rae8 17. Nb3 (17. b4 {seems wilder.} Bb6 18. a4 Rxe1+ 19. Rxe1 Re8 20. Rxe8 Bxe8 21. a5) 17... Rxe1+ 18. Rxe1 Bb6 {[%emt 0:00:26] Prevents Na5} 19. Be3 ({Don't play} 19. Qe2 Re8 20. Qh5+ Kg8 21. Rxe8+ Bxe8 $11) 19... Qc4 20. Rd1 {[%emt 0:12:54] [#] Qxc4 would be deadly.} Qxd3 {[%emt 0:03:01] The position is equal.} 21. Rxd3 Re8 22. Rxd5 Bc6 23. Rd3 Bb5 $1 {[%emt 0:00:27] A strong pair of Bishops.} 24. Rd5 Bc6 25. Rd3 Bb5 $1 26. Rd5 Bc6 {[%emt 0:00:10] Weighted Error Value: White=0.05 (flawless) /Black=0.04 (flawless)} 1/2-1/2

[Event "4NCL 2022-2023"]
[Site "Daventry"]
[Date "2023.03.18"]
[Round "7.6"]
[White "Makkar, Rajat"]
[Black "O`Gorman, Tom"]
[Result "1-0"]
[ECO "D37"]
[WhiteElo "2426"]
[BlackElo "2357"]
[Annotator "TA"]
[PlyCount "49"]
[EventDate "2022.10.20"]
[EventType "team-tourn"]
[EventCountry "ENG"]
[SourceTitle "playchess.com"]
[Source "ChessBase"]
[SourceQuality "1"]
[TimeControl "40/6000+30:2400+30"]

1. d4 Nf6 2. c4 e6 3. Nf3 d5 4. Nc3 Be7 5. Bf4 O-O 6. e3 a6 7. c5 Nh5 {[%emt 0:00:08] D37: Queen's Gambit Declined: 5 Bf4.} 8. Bd3 Nxf4 9. exf4 b6 {[%emt 0:00:11] The position is equal.} 10. b4 a5 11. a3 axb4 12. axb4 Rxa1 13. Qxa1 Nc6 {[%emt 0:00:27] [#]} 14. Qa4 $146 ({Predecessor:} 14. Qb1 Bf6 15. Ne2 bxc5 16. bxc5 h6 17. O-O Bd7 18. Ne5 Nxe5 19. fxe5 Be7 20. f4 {0-1 Gradevska,D (1721)-Stefanova,M (2016) BUL-ch U20 Girls 2009 (4)}) 14... bxc5 15. dxc5 Bf6 $1 $132 {[%emt 0:11:37][%mdl 2048] Black is fighting back} 16. Ne2 e5 17. Qxc6 e4 18. Bxe4 dxe4 $17 19. Qxe4 {[%emt 0:03:30] [#]} Ba6 {[%emt 0:08:32] A strong pair of Bishops.} ({Better is} 19... Re8 $1 $17 20. Ne5 g5) 20. Ne5 $11 Re8 21. h4 Qd7 (21... Bxe5 $14 22. fxe5 f5) 22. O-O $16 Bxh4 $2 {[%emt 0:07:55] [#]} (22... Bxe5 $16 {is a better defense.} 23. fxe5 h6) 23. Ra1 $1 $18 Qc8 (23... Bc8 $142 24. g3 Bd8 25. Nxd7 Rxe4) 24. Nd4 Bc4 25. Ndf3 {[%emt 0:02:20] Weighted Error Value: White=0.09 (flawless) /Black=0.51} 1-0

[Event "4NCL 2022-2023"]
[Site "Daventry"]
[Date "2023.03.18"]
[Round "7.7"]
[White "Toma, Katarzyna"]
[Black "Dong, Bao Nghia"]
[Result "1-0"]
[ECO "C18"]
[WhiteElo "2231"]
[BlackElo "2361"]
[Annotator "TA"]
[PlyCount "107"]
[EventDate "2022.10.20"]
[EventType "team-tourn"]
[EventCountry "ENG"]
[SourceTitle "playchess.com"]
[Source "ChessBase"]
[SourceQuality "1"]
[TimeControl "40/6000+30:2400+30"]

1. e4 e6 2. d4 d5 3. Nc3 Bb4 4. e5 c5 5. a3 Bxc3+ 6. bxc3 Ne7 7. h4 Nbc6 8. h5 h6 9. Qg4 Qc7 {[%emt 0:04:54] C18: French: 3 Nc3 Bb4: Main line: 7 h4 and 7 Qg4.} (9... Nf5 $11) 10. Qxg7 $16 {[%emt 0:08:20] White is more active.} Rg8 11. Qxh6 (11. Qf6 $142) 11... cxd4 {[%emt 0:00:06] White is better.} 12. Ne2 {[%emt 0:00:07] [#]} dxc3 $146 (12... Nxe5 $2 13. cxd4 Nd7 14. Qd2 $18) ({Predecessor:} 12... Qxe5 13. Bb2 dxc3 14. Bxc3 d4 15. Bb2 Rh8 16. Qd2 Rxh5 17. Rxh5 Qxh5 18. Nxd4 e5 19. Nb5 Kf8 {½-½ Hamilton,D (1980)-Volkov,A (2144) W-ch WS/M/199 email 2009}) 13. Qf4 Bd7 14. Nxc3 (14. h6 {is more complex.} Rh8 15. h7 Ng6 16. Qf6) 14... a6 {[%emt 0:00:27] Inhibits Nb5.} 15. Bd2 O-O-O 16. h6 (16. Qxf7 $2 Rdf8 17. Qh7 Qxe5+ 18. Kd1 Rxf2 $19) 16... Ng6 17. Qf6 ({Reject} 17. Qxf7 $6 Qxe5+ 18. Be2 Nd4 $15) 17... Nh8 (17... Ncxe5 $16 {is a better defense.} 18. h7 Rge8) 18. Rh5 $18 Nd4 19. Rc1 (19. Bd3 $1 $18) 19... Nf5 $1 $14 20. Rg5 (20. Rxf5 $5 Rg6 21. Qe7 $14) 20... Rxg5 21. Qxg5 Qxe5+ 22. Ne2 (22. Be2 $11) 22... f6 (22... Ng6 $1 $15) 23. Qh5 Be8 24. Qh3 {[%emt 0:00:30] Black must now prevent g4.} d4 (24... Ng6 $14) 25. Bf4 ({White should play} 25. g4 $16 Ne7 26. f4) 25... Qa5+ $11 26. Bd2 Qd5 (26... Qe5 $11) 27. g4 $18 Nd6 28. Bg2 Qc4 29. Qb3 $36 {[%emt 0:03:42][%cal Og2b7][%mdl 2048] Black is under strong pressure.} Bb5 30. Nf4 (30. Ng3 $16) 30... Rg8 (30... Nhf7 $11 {keeps the balance.}) 31. a4 (31. Nxe6 $2 Qe2#) 31... Bc6 (31... Bxa4 $142 32. Bxb7+ Kd7 33. Qxc4 Nxc4) 32. Bxc6 $1 ({Weaker is} 32. Bf1 Qxb3 33. cxb3 Rxg4 $14) 32... bxc6 {[%emt 0:00:04] [#]} 33. f3 {[%emt 0:05:31] And now Qb6 would win.} (33. Nxe6 $2 Re8 34. Qxc4 Nxc4 $17) 33... e5 34. Nh5 f5 $2 (34... Rf8 35. Qb4 (35. Bb4 Qxb3 36. cxb3 Kc7 $18) 35... Qxb4 36. Bxb4 Kd7) 35. g5 $2 (35. Qb6 $18 Kd7 36. Nf6+ Ke6 37. Nxg8 fxg4 38. Qd8 gxf3 39. Qe7+ Kf5 40. Qg5+ (40. Qxd6 $2 Qe2#) 40... Ke6 41. Qg4+ Nf5 42. Qxf3) 35... f4 $11 36. Ng7 {[%emt 0:01:04] Qb6 would be deadly. The board is on fire.} Nhf7 $2 {[%emt 0:01:28][%mdl 8192] [#] Black cannot hold the game after this.} (36... Qxb3 $11 37. cxb3 Kd7) 37. Qb6 $1 $18 {[%emt 0:01:21] Ba5 is the strong threat.} Nxg5 38. Ba5 Nb5 {[%emt 0:07:27] Repels Qc7+} 39. Qxa6+ (39. axb5 $142 cxb5 40. h7 Nxh7 41. Qxa6+ Kd7 42. Qb7+ Kd6 43. Rb1) 39... Kb8 40. Qb6+ Ka8 {[%emt 0:00:05] ( -> ...Nc3)} 41. axb5 Qxb5 42. Qxb5 cxb5 43. Ke2 Nf7 44. Rh1 Kb7 $2 (44... Nxh6 45. Rxh6 Rxg7) 45. Kd3 Rh8 (45... Nxh6 $142 46. Rxh6 Rxg7 47. Rb6+ Ka8 48. Rxb5 Rg5) 46. Nf5 Kc6 47. Rg1 Kd7 48. Rg6 Ra8 49. Bb4 Ra4 {[%emt 0:00:00] [#]} 50. h7 $1 {[%emt 0:00:00] White mates.} e4+ (50... Nh8 51. Rg8) 51. Kxe4 d3 {[%emt 0:00:00] [#]} 52. cxd3 $1 Rxb4+ (52... Nh8 53. Rg8) 53. d4 Rb1 54. Rg7 {[%emt 0:00:00] Artfully played by Toma.   Weighted Error Value: White=0.47/Black=0.37} 1-0

[Event "4NCL 2022-2023"]
[Site "Daventry"]
[Date "2023.03.18"]
[Round "7.8"]
[White "Foisor, Mihaela-Veronica"]
[Black "Haydon, David L"]
[Result "0-1"]
[ECO "D37"]
[WhiteElo "2195"]
[BlackElo "2268"]
[Annotator "TA"]
[PlyCount "76"]
[EventDate "2022.10.20"]
[EventType "team-tourn"]
[EventCountry "ENG"]
[SourceTitle "playchess.com"]
[Source "ChessBase"]
[SourceQuality "1"]
[TimeControl "40/6000+30:2400+30"]

1. c4 Nf6 2. Nc3 d5 3. d4 e6 4. Nf3 Be7 5. e3 O-O 6. Be2 c5 7. O-O dxc4 8. Bxc4 a6 9. a4 Nc6 10. b3 Qc7 {[%emt 0:03:48] D37: Queen's Gambit Declined: 5 Bf4.} 11. dxc5 Bxc5 12. Bb2 b6 {[%emt 0:02:31] The position is equal.} 13. Rc1 Bb7 {[%emt 0:15:20] [#]} 14. Bd3 $146 ({Predecessor:} 14. Qe2 Rac8 15. e4 Nd4 16. Nxd4 Bxd4 17. Bxa6 Bxa6 18. Qxa6 Qe5 19. Nd5 Rxc1 20. Nxf6+ gxf6 21. Bxc1 Qxe4 {1-0 Harutyunian,T (2542)-Haitin,I (2544) Titled Tuesday intern op 5th Nov blitz 2019 (6)}) 14... Rad8 {[%emt 0:02:06] [#] Hoping for ...Nb4.} 15. Qe2 $1 Nb4 16. Bb1 Rd7 17. Rfd1 Rfd8 18. Rxd7 Rxd7 19. h3 h6 20. Na2 Nxa2 21. Bxa2 {[%emt 0:00:10] Black must now prevent b4.} Qd8 22. Bb1 (22. a5 {feels hotter.} Bxf3 23. Qxf3 Rd2 24. Bxf6 Qxf6 25. Bb1) 22... a5 23. e4 (23. Bc2 $11) 23... Nh7 $17 24. Bc3 Ng5 {[%emt 0:01:25][%cal Ob7a6] And now ...Ba6! would win.} 25. Ne5 $2 {[%emt 0:01:50] Now White is beyond hope.} (25. Rf1 $17) 25... Nxh3+ $1 $19 {[%emt 0:03:48][%mdl 64] [#] Double Attack} 26. Kf1 $2 (26. gxh3 Qg5+ 27. Kh2 Qxc1 28. Nxd7 Bd6+ 29. Be5 Bxe5+ 30. Nxe5 Qxb1 31. f3 Qxb3 32. Qd2) 26... Qg5 ({Not} 26... Nxf2 27. Nxd7 Qxd7 28. Be1 $16) 27. Re1 Nf4 28. Qf3 Ba6+ 29. Kg1 Re7 (29... Be2 30. Rxe2 Nxe2+ 31. Qxe2 Qc1+ 32. Kh2 Rd1) 30. Nc4 Bxc4 31. bxc4 Rd7 {[%emt 0:00:41][%cal Be7d7,Bd7d8,Bd8d3,Bd3d2][%mdl 32] Strongly threatening ...e5.} 32. e5 Ng6 {[%emt 0:00:18] ...Nh4 is the strong threat.} 33. Bxg6 (33. Kf1) 33... fxg6 {[%emt 0:01:23] Black is clearly winning.} 34. Qa8+ Rd8 {[%emt 0:00:31] Active counter play!} 35. Qc6 Qf5 36. Qf3 Qxf3 37. gxf3 Rd3 38. Bb2 Rd2 {[%emt 0:00:29] Excellently played by Haydon!   Weighted Error Value: White=0.66/Black=0.58} 0-1